Map: Catalyst LE

Players

Bunny - Winner!

  • Race: Terran Terran
  • League: Diamond
  • Spawn Location: 5:00

lIIllllIIlll (INnoVation)

  • Race: Terran Terran
  • League: Master
  • Spawn Location: 11:00

Event: HomeStory Cup XVII

VOD

Have the link to the VOD?

Description

Time

  • Played on: July 1, 2018, 7:23 a.m.
  • Length: 9:15

All games in this series

Show
View Real Time Build Order
Export as new Build Order

Bunny Terran - Winner!

Build Orders: Cyclone Opening 

Get SALT Encoding   

  12  0:00  SCV  
  13  0:13  SCV  
  14  0:17  Supply Depot  
  14  0:25  SCV  
  14  0:27  Refinery  
  15  0:38  SCV  
  16  0:44  Barracks  
  16  0:51  SCV  
  16  0:55  Refinery  
  17  1:03  SCV  
  18  1:15  SCV  
  19  1:31  Orbital Command  
  19  1:32  Reaper  
  20  1:34  Factory  
  20  1:47  Supply Depot  
  20  1:56  SCV  
  21  2:04  Reaper  
  21  2:08  SCV  
  23  2:18  Cyclone  
  23  2:20  SCV  
  27  2:32  Command Center  
  27  2:36  SCV  
  28  2:38  Barracks Reactor  
  28  2:42  Supply Depot  
  28  2:48  SCV  
  28  2:50  Hellion  
  31  3:00  Starport  
  31  3:04  SCV  
  32  3:11  Cyclone  
  35  3:16  SCV  
  36  3:27  Supply Depot  
  36  3:28  Marine x2, SCV  
  39  3:43  Medivac  
  39  3:44  Cyclone  
  39  3:46  Orbital Command  
  42  3:50  SCV  
  42  3:51  Marine  
  44  3:55  Marine  
  46  4:02  SCV  
  46  4:05  Bunker  
  46  4:09  Marine  
  47  4:12  SCV  
  47  4:13  Marine  
  49  4:18  Factory Tech Lab  
  49  4:20  Viking  
  49  4:22  SCV  
  52  4:24  SCV  
  52  4:30  Marine  
  54  4:31  Marine  
  54  4:37  Siege Tank  
  57  4:42  SCV x2  
  59  4:50  Supply Depot  
  59  4:54  SCV x2  
  61  5:02  Starport Reactor  
  61  5:03  Barracks x2  
  61  5:04  Barracks Tech Lab  
  59  5:09  Siege Tank  
  59  5:12  SCV x2  
  58  5:24  SCV  
  58  5:25  SCV  
  60  5:30  Marine  
  60  5:32  Stimpack  
  61  5:37  SCV x2  
  61  5:39  Engineering Bay  
  63  5:43  Refinery  
  63  5:49  SCV x2  
  65  5:51  Marine x2  
  65  5:52  Marine  
  65  5:54  Starport Reactor  
  65  5:56  Refinery  
  68  5:57  Supply Depot  
  68  6:01  SCV x2  
  70  6:10  Terran Infantry Weapons Level 1  
  68  6:11  Supply Depot x2  
  68  6:15  SCV x2  
  68  6:17  Marine x3  
  68  6:18  Marine x2  
  74  6:21  Siege Tank  
  78  6:27  SCV x2  
  78  6:31  Supply Depot  
  80  6:33  Medivac  
  80  6:37  Medivac, Marine  
  85  6:40  Marine x2  
  87  6:48  Marine  
  87  6:50  Supply Depot  
  87  6:54  Siege Tank  
  91  6:56  Marine x2  
  91  6:57  Marine  
  91  6:58  Marine  
  95  7:03  Medivac  
  95  7:06  Marine  
  98  7:12  Supply Depot x2  
  98  7:14  Marine x2  
  100  7:15  Marine x2  
  100  7:20  SCV x2  
  104  7:23  Supply Depot  
  104  7:24  Supply Depot  
  104  7:26  Siege Tank  
  98  7:50  Medivac x2, Marine x4  
  105  7:58  Siege Tank  
  101  7:59  Marine  
  98  8:08  Marine x2  
  98  8:09  Barracks  
  98  8:10  Supply Depot, Barracks  
  92  8:13  Command Center, Marine x2  
  94  8:25  Marine  
  94  8:26  Marine x2  
  97  8:28  Medivac  
  97  8:30  Siege Tank  
  102  8:35  Medivac  
  102  8:38  Marine x2  
  106  8:42  Marine  
  106  8:43  Marine  
  107  8:48  Marine  
  107  8:50  SCV x2  
  110  8:56  Barracks Reactor, Marine x2  
  110  8:57  Barracks Reactor  
Show
View Real Time Build Order
Export as new Build Order

lIIllllIIlll Terran 

Build Orders: Cyclone Opening, MMM Bio 

Get SALT Encoding   

  12  0:00  SCV  
  13  0:13  SCV  
  14  0:17  Supply Depot  
  14  0:25  SCV  
  14  0:28  Refinery  
  15  0:38  SCV  
  16  0:44  Barracks  
  16  0:50  SCV  
  16  0:55  Refinery  
  17  1:03  SCV  
  18  1:15  SCV  
  19  1:31  Orbital Command  
  19  1:32  Factory  
  19  1:34  Reaper  
  20  1:44  Supply Depot  
  20  1:57  SCV  
  21  2:06  Reaper  
  22  2:09  SCV  
  26  2:15  Cyclone  
  26  2:21  SCV  
  27  2:31  Command Center  
  27  2:35  SCV  
  28  2:43  Barracks Reactor  
  28  2:47  Supply Depot  
  28  2:50  Cyclone  
  31  3:08  SCV  
  32  3:20  SCV  
  33  3:29  Cyclone x2, Supply Depot  
  39  3:43  SCV  
  39  3:44  Orbital Command  
  40  3:55  SCV  
  41  4:01  Cyclone  
  41  4:02  Cyclone  
  47  4:03  Engineering Bay  
  47  4:04  Barracks Tech Lab  
  47  4:07  SCV  
  48  4:11  SCV  
  49  4:19  SCV  
  49  4:23  SCV  
  51  4:26  Marine  
  52  4:31  SCV  
  52  4:35  SCV  
  53  4:43  SCV  
  53  4:45  Command Center  
  54  4:46  Factory Reactor  
  54  4:47  SCV  
  59  4:54  Factory Reactor  
  59  4:57  Barracks Tech Lab, SCV  
  59  4:59  SCV  
  55  5:00  Barracks  
  55  5:03  Barracks  
  51  5:09  SCV  
  51  5:11  SCV  
  44  5:18  Marine  
  37  5:21  SCV  
  37  5:23  SCV  
  35  5:34  SCV  
  34  5:35  SCV  
  34  5:36  Marine  
  34  5:39  Bunker  
  34  5:42  Factory Reactor, Stimpack  
  36  5:46  SCV  
  36  5:47  Terran Infantry Weapons Level 1  
  36  5:48  SCV  
  38  5:50  Marine x2  
  38  5:54  Factory Tech Lab  
  40  5:57  Marine x3  
  40  5:58  Orbital Command, SCV  
  40  6:00  SCV  
  44  6:10  SCV  
  44  6:12  Marine x2, SCV  
  44  6:14  Siege Tank  
  44  6:15  Marine  
  51  6:22  Refinery, SCV  
  51  6:23  Refinery, SCV  
  51  6:24  Marine, SCV  
  51  6:25  Marine  
  56  6:30  Marine x2  
  56  6:32  Supply Depot  
  58  6:33  Marine  
  58  6:37  SCV x3  
  62  6:44  Starport  
  62  6:45  Supply Depot  
  62  6:49  SCV x2  
  62  6:50  SCV  
  62  6:52  Marine x4  
  62  6:54  Factory Reactor, Marine  
  70  6:58  Supply Depot x2  
  70  7:01  SCV x2  
  72  7:10  Marine x4  
  72  7:11  Orbital Command, Marine  
  72  7:13  SCV x2  
  79  7:23  Supply Depot  
  79  7:25  SCV  
  79  7:26  SCV  
  79  7:27  Marine  
  79  7:28  Marine x3  
  79  7:29  Marine  
  80  7:40  Medivac x2  
  81  7:45  Marine  
  81  7:46  Combat Shields, Siege Tank  
  82  7:53  Marine x3  
  82  7:58  Orbital Command, SCV  
  62  7:59  SCV  
  62  8:02  Marine  
  62  8:03  Marine  
  50  8:11  SCV x2  
  50  8:12  Marine  
  51  8:23  SCV x2  
  51  8:24  SCV  
  54  8:32  Marine  
  54  8:33  Marine x2  
  54  8:43  SCV x3  
  54  8:48  Marine x2  
  57  8:50  Marine x3  
  57  8:55  SCV x3  
Tags
 
Add a new tag
Caveats
  • Supply blocks, unpowered buildings, or Contaminate may cause inaccurate times.
  • Supply counts are checked every 10 seconds.